 Dungeon Crawl Stone Soup version 0.19-a0-743-ge0d55e4 (webtiles) character file.

257 pisswolf the Chopper (level 5, -10/38 HPs)
             Began as a Demonspawn Gladiator on June 23, 2016.
             Mangled by an ogre
             ... wielding a +0 giant spiked club
              (23 damage)
             ... on level 4 of the Dungeon.
             The game lasted 00:05:15 (2938 turns).

pisswolf the Chopper (Demonspawn Gladiator)         Turns: 2938, Time: 00:05:16

Health: -10/38     AC:  6    Str: 12    XL:     5   Next: 93%
Magic:  14/14      EV: 11    Int: 10    God:
Gold:   163        SH:  0    Dex: 14    Spells: 0 memorised, 4 levels left

rFire  . . .     SeeInvis +     a - +0 war axe
rCold  . . .     Gourm    .     p - +0 ring mail
rNeg   . . .     Faith    .     (no shield)
rPois  .         Spirit   .     c - +0 helmet
rElec  .         Dismiss  .     (no cloak)
rCorr  .         Reflect  .     (no gloves)
SustAt .         Harm     .     (no boots)
MR     .....                    (no amulet)
Stlth  +.........               q - -3 ring of strength (curse)
                                h - ring of magical power

@: not resistant to hostile enchantments, very unstealthy
A: see invisible, rot immunity, MP-powered wands
a: no special abilities


You were on level 4 of the Dungeon.
You were not hungry.

You visited 1 branch of the dungeon, and saw 4 of its levels.

You collected 163 gold pieces.

Inventory:

Hand Weapons
 a - a +0 war axe (weapon)
Missiles
 d - 3 throwing nets (quivered)
Armour
 c - a +0 helmet (worn)
 p - a +0 ring mail (worn)
Jewellery
 h - a ring of magical power (left hand)
 q - a cursed -3 ring of strength (right hand)
Scrolls
 e - a scroll of noise
 g - a scroll of identify
 l - 2 scrolls of teleportation
 r - 2 scrolls of amnesia
Potions
 i - 2 potions of curing
 k - a potion of agility
 m - a potion of degeneration {unknown}
 n - a potion of heal wounds {unknown}
Comestibles
 b - a slice of pizza
 f - 5 bread rations
 j - 2 beef jerkies


   Skills:
 - Level 2.0 Fighting
 + Level 6.1 Axes
 - Level 1.7 Throwing
 - Level 2.6 Dodging


You had 4 spell levels left.
You didn't know any spells.

Dungeon Overview and Level Annotations

Branches:
Dungeon (4/15)
 Temple: D:4-7

Altars:
Elyvilon
Trog


Innate Abilities, Weirdness & Mutations

You are immune to rotting.
You have supernaturally acute eyesight. (SInv)
You expend magic power (3 MP) to strengthen your wands.


Message History

The air around you briefly surges with heat, but it dissipates.
It was a scroll of immolation.
An ogre comes into view. It is wielding a giant spiked club.
Okay, then.
You barely miss the ogre. The ogre barely misses you.
You slash the ogre!
The ogre is moderately wounded.
The ogre completely misses you.
You hit the ogre.
The ogre is moderately wounded.
The ogre hits you with a giant spiked club!!
Ouch! That really hurt!
You slash the ogre!
The ogre is severely wounded.
The ogre misses you.
You barely miss the ogre.
The ogre is severely wounded.
The ogre hits you with a giant spiked club!!
Ouch! That really hurt!
You die...

#...........+ ..#
#....)......# ..#
##+##...........######..#
#......#'##+#.........#
#......#....#.........#
#......+....+.........#
##......#....#.........#
#......##....###+####..#####
#......#......@O.............
#......#..............#......
#......#..............#......
#.<....#..............#......
#......################ .....
######## #####


You could see an ogre.

Vanquished Creatures
  An ogre (D:4)
  Jessica (D:2)
  4 gnolls
  3 adders (D:2)
  An ooze (D:1)
  A worm (D:2)
  3 dart slugs (D:2)
  2 ball pythons (D:2)
  7 giant cockroaches
  5 goblins
  8 hobgoblins
  3 jackals (D:1)
  5 kobolds
  4 quokkas
  13 bats
  4 giant newts
  9 rats
74 creatures vanquished.

Notes
Turn   | Place    | Note
--------------------------------------------------------------
     0 | D:1      | pisswolf the Demonspawn Gladiator began the quest for the Orb.
     0 | D:1      | Reached XP level 1. HP: 16/16 MP: 1/1
    47 | D:1      | Reached skill level 3 in Axes
    47 | D:1      | Gained mutation: You are immune to rotting. [demonic ancestry]
    47 | D:1      | Reached XP level 2. HP: 21/22 MP: 2/2
   437 | D:1      | Reached XP level 3. HP: 26/27 MP: 3/3
   616 | D:1      | Reached skill level 4 in Axes
   831 | D:2      | Noticed Jessica
   834 | D:2      | Killed Jessica
   834 | D:2      | Reached XP level 4. HP: 33/33 MP: 4/4
  1261 | D:2      | Reached skill level 5 in Axes
  2101 | D:3      | Reached XP level 5. HP: 38/38 MP: 5/5
  2151 | D:3      | Found a white marble altar of Elyvilon.
  2229 | D:3      | Gained mutation: You expend magic power (3 MP) to strengthen your wands. [potion of mutation]
  2229 | D:3      | Gained mutation: You have supernaturally acute eyesight. (SInv) [potion of mutation]
  2538 | D:3      | Found a bloodstained altar of Trog.
  2715 | D:4      | Noticed an ogre
  2721 | D:4      | Killed an ogre
  2721 | D:4      | Reached skill level 6 in Axes
  2722 | D:4      | Noticed a water moccasin
  2920 | D:4      | Noticed an ogre
  2938 | D:4      | Mangled by an ogre

Vault maps used:
D:1:      dpeg_arrival_tiny_g, kennysheep_decorative_pillar, nrook_loot_triangle
D:2:      uniq_jessica
D:3:      bloody_trog, elyvilon_altar_4, first_bread, guppyfry_early_lair_pool
D:4:      uniq_grinder, uniq_menkaure

Skill      XL: |  1  2  3  4  5 |
---------------+----------------+-----
Axes           | 3 4 5 6 |  6.1
Fighting       | |  2.0
Throwing       | |  1.7
Dodging        | |  2.6

Action                   |  1- 3 |  4- 6 || total
-------------------------+-------+-------++-------
Melee: War axe           |    72 |   154 ||   226
  Use: Scroll            |       |     9 ||     9
       Potion            |       |     4 ||     4
 Stab: Sleeping          |     1 |       ||     1
  Eat: Chunk             |       |     5 ||     5
       Royal jelly       |       |     1 ||     1
Armor: Leather armour    |    33 |    12 ||    45
       Ring mail         |       |    62 ||    62
Dodge: Dodged            |    55 |   124 ||   179
